[Event "MCCT Chessable Masters 2022"]
[Site "Online"]
[Date "2022.05.16"]
[Round "5.8"]
[White "Van Foreest, Jorden"]
[Black "Mishra, Abhimanyu"]
[Result "1-0"]
[ECO "B50"]
[WhiteElo "2715"]
[BlackElo "2535"]
[Annotator "TA"]
[PlyCount "107"]
[EventDate "2022.05.19"]
[EventType "tourn"]
[EventCountry "NET"]
[SourceTitle "playchess.com"]
[Source "ChessBase"]
[SourceQuality "1"]
[TimeControl "900+10"]

1. e4 c5 2. Nf3 d6 3. Bc4 Nf6 4. Nc3 e6 5. d4 cxd4 6. Qxd4 {[%emt 0:00:00] B50: Sicilian: 2...d6, Miscellaneous.} Nc6 7. Qd3 Be7 8. Bf4 {[%emt 0:00:03] The position is equal.} O-O 9. O-O-O {[%emt 0:00:03][%cal Rf4d6] [#]} Ng4 $146 ({Predecessor:} 9... a6 10. Bxd6 b5 11. Bb3 b4 12. Bxe7 Qxe7 13. Na4 Bb7 14. h3 Na5 15. e5 Ne4 {1-0 (30) Vakhlamov,I (2413)-Koridze,L (2016) Chess.com INT 2021}) 10. Qe2 {[%emt 0:00:42] h3 is the strong threat.} (10. Bxd6 $2 Nxf2 11. Qd2 Nxd1 12. Rxd1 Bxd6 13. Qxd6 Qxd6 14. Rxd6 Rd8 15. Rxd8+ Nxd8 $19) 10... Qb6 11. Rhf1 (11. Bxd6 {is more complex.} Nxf2 12. Na4 Qa5 13. Qxf2 Qxa4 14. Qc5) 11... Nge5 12. Bb3 Rd8 13. Be3 Qc7 14. Nd2 Nd7 15. f4 Nc5 16. f5 Bf6 17. fxe6 fxe6 18. Qg4 Nxb3+ 19. Nxb3 (19. axb3 $14 {is the one way to stay ahead.} Qe7 20. Nc4) 19... Bxc3 $17 20. bxc3 e5 21. Qg3 Be6 22. Bg5 {[%emt 0:01:18] [#]} (22. Rf6 $17 {might work better.} Re8 23. h4) 22... Rf8 (22... Rd7 $1 $19 {Threatens to win with ...a5.} 23. Kb1 Na5) 23. Rxf8+ Rxf8 24. Qd3 Rf2 (24... h6 $17 25. Bh4 Qf7) 25. Qxd6 $11 Qxd6 26. Rxd6 Bxb3 27. axb3 Rxg2 {[%emt 0:00:03][%mdl 4096] Endgame KRB-KRN} 28. h4 Rg4 29. Rd7 h6 30. Bd2 (30. Be3 $11 {keeps the balance.}) 30... Rxh4 $17 (30... Rxe4 $6 31. Rxb7 Rxh4 32. Rc7 Rh1+ 33. Kb2 $11) 31. Rxb7 {[%emt 0:00:02] [#]} Kh7 $2 (31... Rh1+ $1 $17 {keeps the pressure on.} 32. Kb2 Rd1) 32. Rc7 $16 Nd8 33. Rxa7 Rxe4 34. b4 ({White should try} 34. Rd7 $14 Nc6 35. Rc7) 34... h5 $1 $11 35. Rd7 Ne6 36. b5 {[%emt 0:00:10] Black must now prevent Rd5.} h4 {[%emt 0:00:03] And now ...h3 would win.} 37. Rd3 Nc5 38. Rh3 Kg6 {[%emt 0:00:08] Prevents Bg5.} 39. Be3 Nb7 40. Kd2 Kf5 41. Kd3 Rg4 42. b6 Ke6 43. c4 g5 44. Rh1 Rg3 45. Ke2 h3 {[%emt 0:00:08] aiming for ...g4.} 46. c5 ({Don't play} 46. Kf2 Rg2+ 47. Kf1 Rg3 $15) 46... Kd5 47. c4+ Kc6 48. Rf1 {[%emt 0:00:02] Rf6+ would kill now.} Rg2+ (48... Nxc5 $2 49. Rf6+ Kd7 50. Bxc5 $18) 49. Ke1 {[%emt 0:00:32] Strongly threatening Rf6+.} Nxc5 (49... Nd8 $5 50. Rf6+ Kb7 $11) 50. Rf6+ {[%emt 0:00:01][%mdl 64] Deflection} Kb7 $2 (50... Kd7 $11 51. Rh6 (51. Bxc5 h2 $11) 51... Nd3+ 52. Kf1 Rc2) 51. Bxc5 $18 {[%emt 0:00:19] Intending Rf7+ and mate.} h2 (51... Rb2 $18 52. Rf7+ Kc8) 52. Rf7+ {[%emt 0:00:00] White mates.} Kc8 53. b7+ Kb8 54. Bd6+ {[%emt 0:00:01] What a bad dream for Black.  Weighted Error Value: White=0.15 (very precise) /Black=0.31} 1-0

[Event "MCCT Chessable Masters 2022"]
[Site "Online"]
[Date "2022.05.16"]
[Round "6.1"]
[White "Carlsen, Magnus"]
[Black "Mishra, Abhimanyu"]
[Result "1-0"]
[ECO "D11"]
[WhiteElo "2864"]
[BlackElo "2535"]
[Annotator "TA"]
[PlyCount "101"]
[EventDate "2022.05.19"]
[EventType "tourn"]
[EventCountry "NET"]
[SourceTitle "playchess.com"]
[Source "ChessBase"]
[SourceQuality "1"]
[TimeControl "900+10"]

1. d4 d5 2. c4 c6 3. Nf3 Nf6 4. g3 Bf5 5. Nc3 e6 6. Nh4 {[%emt 0:00:01] D11: Slav Defence: 3 Nf3 sidelines and 3...Nf6 4 e3 Bg4.} dxc4 7. Nxf5 exf5 8. e3 {[%emt 0:00:47] The position is equal.} Nbd7 9. Bxc4 Nb6 10. Bb3 Qd7 11. Bd2 {[%emt 0:00:44] [#]} Bd6 $146 ({Predecessor:} 11... h5 12. Qf3 h4 13. O-O-O O-O-O 14. Kb1 Nbd5 15. Rc1 Nxc3+ 16. Bxc3 Kb8 17. Rhd1 hxg3 18. hxg3 {1-0 (30) Iskusnyh,S (2473)-Nesterov,A (2498) Chess.com INT 2020}) 12. f3 Bc7 13. Qe2 O-O-O 14. O-O-O h5 15. Kb1 Rhe8 16. Rhe1 Kb8 17. e4 Nfd5 18. Qf1 Nxc3+ 19. Bxc3 g6 20. a3 fxe4 21. fxe4 f5 22. exf5 {[%emt 0:00:48] [#] Strongly threatening Rxe8.} gxf5 23. Qf3 Rxe1 24. Bxe1 h4 25. gxh4 {[%emt 0:00:03][%cal Bg3h4,Bh4h5,Bh5h6,Bh6h7][%mdl 32] White is more active.} f4 26. h5 Nd5 27. Bd2 {[%emt 0:03:52] Prevents Ne3.} ({White should play} 27. Bf2 $14) 27... Ne3 28. Bxe3 fxe3 29. Bc2 {[%emt 0:00:11] Threatens to win with h6.} Bb6 {[%emt 0:01:12] Black is now going downhill.} (29... Qd5 $14 30. Qxd5 (30. Qxe3 Qxh5 31. h3 a6 $11) 30... cxd5) 30. h6 Bxd4 31. h7 c5 (31... Qg7 $142) 32. Qxe3 $1 $18 {[%emt 0:00:14] And now Qg3+ would win.} Qg7 (32... a6 33. b4 (33. Rxd4 Qxd4 34. Qg3+ Ka7 $14) 33... Qc7) 33. Qg3+ Qc7 (33... Qxg3 $142 34. hxg3 Kc7) 34. Bb3 Rh8 35. Bg8 a5 {[%emt 0:00:06] [#]} 36. Rxd4 $1 {[%emt 0:00:15][%mdl 512] White mates.} cxd4 (36... Qxg3 37. hxg3) 37. Qxc7+ Kxc7 {[%emt 0:00:01] KR-KB} 38. Kc2 Kd6 39. Kd3 Kc5 40. b3 b6 41. Ke4 Kc6 42. Kxd4 Kd6 43. h3 b5 44. b4 axb4 45. axb4 Kc6 46. Ke5 Kd7 47. Kd5 Kc7 48. Kc5 Kb7 49. Kxb5 Kc7 50. Ka6 Kc8 51. Ka7 {[%emt 0:00:02] Weighted Error Value: White=0.03 (flawless) /Black=0.27 (precise)} 1-0

[Event "MCCT Chessable Masters 2022"]
[Site "Online"]
[Date "2022.05.16"]
[Round "6.2"]
[White "Shankland, Sam"]
[Black "Van Foreest, Jorden"]
[Result "0-1"]
[ECO "D27"]
[WhiteElo "2718"]
[BlackElo "2715"]
[Annotator "TA"]
[PlyCount "78"]
[EventDate "2022.05.19"]
[EventType "tourn"]
[EventCountry "NET"]
[SourceTitle "playchess.com"]
[Source "ChessBase"]
[SourceQuality "1"]
[TimeControl "900+10"]

1. d4 d5 2. c4 dxc4 3. e3 Nf6 4. Bxc4 e6 5. Nf3 c5 6. O-O a6 7. Nbd2 Nbd7 {[%emt 0:00:35] D27: Queen's Gambit Accepted: Classical main line: 7 e4!? and 7 a4.} 8. e4 b5 9. e5 bxc4 {[%emt 0:00:05] The position is equal.} 10. exf6 gxf6 (10... Nxf6 $11 11. Nxc4 Be7) 11. Nxc4 $14 Bb7 12. Bf4 {[%emt 0:00:59] [#]} Rg8 $146 ({Predecessor:} 12... Bd5 13. Rc1 Bxc4 14. Rxc4 Nb6 15. Rc1 c4 16. Nd2 Rc8 17. Nxc4 Nxc4 18. Qa4+ Qd7 19. Rxc4 Rxc4 20. Qxc4 {1-0 (28) Javakhadze,Z (2460)-Shlyakhtenko,R (2361) New York 2021}) 13. Bg3 Be7 (13... cxd4 $11 14. Nxd4 Ne5 15. Qa4+ Qd7 16. Qxd7+ Nxd7) 14. Re1 ({White should try} 14. Qe2 $16) 14... Kf8 15. Rc1 Rg4 16. Nd6 (16. Rc2 $14) 16... Bd5 $11 {[%emt 0:01:31][%cal Og4g3] ...Rxg3! is the strong threat.} 17. dxc5 Nxc5 {[%emt 0:00:03][%mdl 64] Remove Defender} 18. Rxc5 Bxd6 19. Rc2 Bb4 {[%emt 0:00:34] And now ...Bxf3 would win.} 20. Nd2 (20. Bc7 $11 {keeps the balance.} Qd7 21. Re3) 20... Rd4 $1 $17 {[%emt 0:00:51] Strongly threatening ...Rc8.} 21. Qh5 (21. Qc1 $17 {was called for.}) 21... Kg7 $2 (21... Bxd2 22. Rxd2 Rxd2 23. Qh6+ Kg8 24. Qxd2 $11) (21... Rxd2 22. Qh6+ Kg8 23. Rxd2 Bxd2 24. Qxd2 $11) (21... Rc8 $1 $19 22. Qh6+ Ke8 23. Rxc8 Qxc8 24. Qxf6 Rxd2 25. Qh8+ Kd7 26. Qxh7 Qf8) 22. Rc7 {[%emt 0:01:03] [#]} e5 $1 $19 23. Rxe5 Bxd2 {[%emt 0:01:55] Really sharp! A strong pair of Bishops.} ({Stronger than} 23... Qxc7 24. Rg5+ fxg5 25. Qxg5+ Kf8 26. Bxc7 Rxd2 27. Bd6+ Bxd6 28. Qxd2 $15) 24. Ree7 Qg8 25. h3 (25. h4 {might work better.} Rd8 26. Qf5) 25... Re8 $2 ({Inferior is} 25... Bxa2 26. Be5 Rad8 27. Bxf6+ Kxf6 28. Qe5+ Kg6 29. Rc6+ Be6 30. Rexe6+ fxe6 31. Rxe6+ Qxe6 32. Qxe6+ Kg7 33. Qe7+ Kh8 34. Qf6+ Kg8 35. Qe6+ Kg7 36. Qe7+ Kh8 37. Qf6+ Kg8 38. Qe6+ Kh8 39. Qf6+ $11) (25... Rd8 $19 {and Black stays clearly on top. aiming for ...Kh8.} 26. Ra7 Bb4) 26. Red7 $17 Rd8 ({Black should play} 26... Re1+ $15 27. Kh2 Bg5) 27. Be5 $2 Re4 (27... fxe5 $142 28. Qxe5+ Kh6 29. Rxd5 R8xd5 30. Rc6+ {[#]} Qg6 $3 31. Rxg6+ Kxg6 32. Qg3+ Bg5) 28. Bxf6+ $2 (28. f4 {is tougher.} Be3+ 29. Kh1 Rxe5 30. fxe5) 28... Kxf6 $19 {[%emt 0:00:00] Black is clearly winning.} 29. Qxd5 ({Don't play} 29. Rxd5 Re1+ 30. Kh2 Bf4+ 31. g3 Bxc7) 29... Re1+ 30. Kh2 Bf4+ 31. g3 Bxc7 32. Qc6+ (32. Qf3+ $142 Kg7 33. Rxc7) 32... Re6 33. Qf3+ Kg7 34. Rxc7 Qe8 35. h4 h6 36. h5 Re5 37. Qc3 Kg8 38. Qf3 Qe6 39. Rc6 Qf5 {[%emt 0:00:03] Weighted Error Value: White=0.81/Black=0.36} 0-1

[Event "MCCT Chessable Masters 2022"]
[Site "Online"]
[Date "2022.05.16"]
[Round "6.3"]
[White "Vidit, Santosh Gujrathi"]
[Black "Mamedyarov, Shakhriyar"]
[Result "1/2-1/2"]
[ECO "C24"]
[WhiteElo "2723"]
[BlackElo "2770"]
[Annotator "TA"]
[PlyCount "125"]
[EventDate "2022.05.19"]
[EventType "tourn"]
[EventCountry "NET"]
[SourceTitle "playchess.com"]
[Source "ChessBase"]
[SourceQuality "1"]
[TimeControl "900+10"]

1. e4 e5 2. Nf3 Nc6 3. Bc4 Bc5 4. O-O Nf6 5. d3 O-O 6. h3 d5 7. exd5 Nxd5 8. Nbd2 {[%emt 0:00:21] C24: Bishop's Opening: 2...Nf6.} a5 $1 {[%emt 0:00:06][%mdl 4] 8...a5 is the modern continuation.} 9. Ne4 {[%emt 0:00:12] [#]} Ba7 $146 ({Predecessor:} 9... Bb6 10. c3 f6 11. d4 exd4 12. Re1 Kh8 13. cxd4 Bf5 14. Ng3 Bg6 15. Nh4 Bf7 {0-1 (64) Dominguez Perez,L (2753)-Aronian,L (2765) Bucharest 2022}) 10. a4 {[%emt 0:00:26] White has an edge.} f6 11. Be3 Kh8 12. Bxa7 Rxa7 13. Re1 Ra8 14. Qd2 Bf5 15. c3 Nb6 16. Bb3 Qc8 17. d4 Rd8 (17... exd4 $14 18. Nxd4 Rd8) 18. Rad1 exd4 19. cxd4 (19. Nc5 $16) 19... Nd5 $11 20. Bxd5 Rxd5 21. Nc3 Rd7 22. d5 Nb4 23. Nd4 {[%emt 0:00:21] Prevents Bc2.} Bg6 24. Ne6 Rd6 (24... Bc2 $11) 25. Qf4 $14 {[%emt 0:01:58][%cal Oe6c7] And now Nxc7! would win.} Raa6 26. Nb5 {[%emt 0:01:32] Pair of Knights!} (26. Qg4 $16) 26... Rxd5 $11 27. Nbxc7 Rxd1 28. Rxd1 $40 {[%emt 0:00:03][%mdl 128] White mounts an attack.} Nd3 $1 (28... Rxe6 $2 29. Nxe6 Nc6 30. Rd6 $18) 29. Qg4 Rd6 (29... Ne5 $2 30. Qd4 Ra8 31. Nxa8 Qxe6 32. Qd5 Qxd5 33. Rxd5 $18) 30. f4 {[%emt 0:00:16][%cal Bf2f4,Bf4f5][%mdl 32] Strongly threatening f5.} Qd7 (30... Rd7 $1 $11) 31. f5 $16 Ne5 32. Rxd6 {[%emt 0:00:01] White is much more active.} Qxd6 {[%emt 0:00:00] [#]} 33. Qg3 Qd1+ 34. Kh2 {[%emt 0:00:01] Qa3 is the strong threat.} Qxa4 35. fxg6 $18 hxg6 36. Qa3 {[%emt 0:00:44] Intending Qf8+ and mate.} Qxa3 37. bxa3 Nc4 {[%emt 0:00:02] [#]} 38. Nb5 Kg8 39. Kg3 b6 40. Kf4 Kf7 41. Nec7 Ke7 42. Ke4 Kd7 43. Kd4 $2 ({Only move:} 43. Nd5 $18) 43... Nxa3 $1 $11 {[%emt 0:00:04] The position is equal.} 44. Nxa3 Kxc7 {[%emt 0:00:01][%mdl 4096] Endgame KN-KP} 45. Kd5 g5 46. Nc4 a4 47. Na3 Kd7 48. Nb5 g6 49. Na3 Ke7 50. Nb5 Kd7 51. Na3 Ke7 52. Nc2 b5 53. Kc5 Ke6 54. Kxb5 Ke5 55. Kxa4 {[%emt 0:00:03] KN-K3P} Kf4 56. g4 Kg3 57. Kb3 f5 (57... Kxh3 $5 58. Ne3 f5 59. gxf5 gxf5 60. Nxf5 Kh2 $11) 58. gxf5 gxf5 59. Nd4 $1 f4 60. Ne6 f3 61. Nxg5 f2 {[%emt 0:00:02] ( -> ...Kf4)} (61... Kf4 $5 62. Nxf3 Kxf3 $11) 62. Ne4+ Kxh3 63. Nxf2+ {[%emt 0:00:00] White really could win this.  Weighted Error Value: White=0.13 (very precise) /Black=0.15 (very precise)} 1/2-1/2

[Event "MCCT Chessable Masters 2022"]
[Site "Online"]
[Date "2022.05.16"]
[Round "6.4"]
[White "Wei, Yi"]
[Black "Hansen, Eric"]
[Result "1-0"]
[ECO "A16"]
[WhiteElo "2727"]
[BlackElo "2606"]
[Annotator "TA"]
[PlyCount "61"]
[EventDate "2022.05.19"]
[EventType "tourn"]
[EventCountry "NET"]
[SourceTitle "playchess.com"]
[Source "ChessBase"]
[SourceQuality "1"]
[TimeControl "900+10"]

1. c4 Nf6 2. Nc3 d5 3. cxd5 Nxd5 4. g3 g6 5. Bg2 Nxc3 6. bxc3 Bg7 7. h4 Nc6 {[%emt 0:00:04] A16: English Opening: 1...Nf6 with ...d5.} 8. h5 Qd7 {[%emt 0:00:10] [#]} 9. Nf3 $146 ({Predecessor:} 9. Qa4 Ne5 10. Qb3 Nc6 11. Nf3 b6 12. Ng5 e6 13. Ne4 Na5 14. Qc2 Bb7 15. h6 {1-0 (31) Romanov,E (2636)-Schreiner,P (2483) Minsk 2017}) 9... b6 {[%emt 0:00:16] White is slightly better.} 10. d4 Bb7 11. e4 O-O-O 12. Be3 e6 13. h6 Bf6 14. O-O Na5 15. Nd2 e5 (15... Be7 $11) 16. d5 $16 Kb8 (16... Ba6 $142) 17. c4 c5 18. Rb1 Qe7 $2 (18... Ka8 $16) 19. Rb5 $18 {[%emt 0:00:35][%cal Oe3c5] And now Bxc5! would win.} Rc8 20. Qa4 {[%emt 0:00:01] [#] Black must now prevent Rfb1.} Ka8 $2 {[%emt 0:00:28] This move loses the game for Black.} (20... Bg5 $16) 21. Rfb1 {[%emt 0:00:02][%cal Ob5b6] Hoping for Rxb6!} Qd6 22. Bh3 Rc7 23. Nb3 Nxb3 (23... Ba6 $142 24. Nxa5 Bxb5 25. Rxb5 (25. Qxb5 bxa5 26. Bg4 Be7 $16) 25... Be7) 24. axb3 ({Worse is} 24. Qxb3 Ba6 $15) ({Weaker is} 24. R1xb3 Kb8 25. Ra3 a6 $16) 24... Kb8 25. b4 {[%emt 0:00:01] [#] Strongly threatening bxc5.} a6 26. bxc5 axb5 27. cxd6 bxa4 28. dxc7+ Kxc7 29. Bxb6+ Kb8 30. c5 Ka8 31. Ra1 {[%emt 0:00:12] Weighted Error Value: White=0.16 (very precise) /Black=0.59} 1-0

[Event "MCCT Chessable Masters 2022"]
[Site "Online"]
[Date "2022.05.16"]
[Round "6.5"]
[White "Giri, Anish"]
[Black "Ding, Liren"]
[Result "1/2-1/2"]
[ECO "D36"]
[WhiteElo "2761"]
[BlackElo "2806"]
[Annotator "TA"]
[PlyCount "80"]
[EventDate "2022.05.19"]
[EventType "tourn"]
[EventCountry "NET"]
[SourceTitle "playchess.com"]
[Source "ChessBase"]
[SourceQuality "1"]
[TimeControl "900+10"]

1. d4 Nf6 2. c4 e6 3. Nc3 d5 4. cxd5 exd5 5. Bg5 c6 6. e3 h6 7. Bh4 Be7 8. Bd3 O-O 9. Qc2 Re8 10. Nge2 Nbd7 11. O-O a5 {[%emt 0:00:14] D36: Queen's Gambit Declined: Exchange Variation: Main line (5 Bg5 c6 6 Qc2).} 12. a3 Nh5 13. Bxe7 Qxe7 14. Rae1 {[%emt 0:00:12] [#]} Nf8 $146 ({Predecessor:} 14... Qh4 15. Ng3 Nxg3 16. hxg3 Qh5 17. e4 Nf6 18. exd5 Bd7 19. f3 Nxd5 20. Ne4 Be6 21. Qf2 Nb6 22. Nd6 Re7 23. Re5 g5 24. f4 Rd8 25. Ne4 Nd5 26. Rxd5 {1-0 (26) Al Sayed,M (2504)-Aboudi,M (2176) Ha Long City 2009}) 15. Nc1 Nf6 16. f3 Ne6 17. Qf2 c5 18. Bb5 Rd8 19. dxc5 Qxc5 20. Nb3 Qb6 21. Rd1 Bd7 22. Bxd7 Rxd7 23. Nd4 Re8 24. Ncb5 Rde7 {[%emt 0:02:04] The position is equal.} 25. Rfe1 g6 26. Nxe6 Rxe6 27. Nd4 R6e7 28. Qd2 Nd7 29. Re2 Ne5 {[%emt 0:00:09] White must now prevent ...Nc4.} 30. b3 {[%emt 0:00:18] Inhibits Nc4.} Nc6 31. Qc3 h5 32. Kf2 Re5 33. Nxc6 bxc6 34. b4 {[%emt 0:00:01] Inhibits c5.} axb4 35. axb4 R5e6 36. Qd4 Rb8 37. Qxb6 Rxb6 38. Rd4 Re8 39. e4 Reb8 40. exd5 cxd5 {[%emt 0:00:00] An interesting draw.  Weighted Error Value: White=0.03 (flawless) /Black=0.04 (flawless)} 1/2-1/2

[Event "MCCT Chessable Masters 2022"]
[Site "Online"]
[Date "2022.05.16"]
[Round "6.6"]
[White "Tari, Aryan"]
[Black "Anton Guijarro, David"]
[Result "0-1"]
[ECO "C54"]
[WhiteElo "2654"]
[BlackElo "2691"]
[Annotator "TA"]
[PlyCount "94"]
[EventDate "2022.05.19"]
[EventType "tourn"]
[EventCountry "NET"]
[SourceTitle "playchess.com"]
[Source "ChessBase"]
[SourceQuality "1"]
[TimeControl "900+10"]

1. e4 e5 2. Nf3 Nc6 3. Bc4 Bc5 4. c3 Nf6 5. d4 exd4 6. cxd4 Bb4+ 7. Nbd2 {[%emt 0:00:13] C54: Giuoco Piano: 4 c3 Nf6, main lines with 5 d4 and 5 d3.} Bxd2+ 8. Bxd2 Nxe4 9. d5 {[%emt 0:00:03] The position is equal.} Ne7 10. Bf4 d6 {[%emt 0:04:59] [#]} (10... Ng6 $5 11. Be3 Nd6 $11) 11. Qd4 $146 (11. O-O $5 ) ({Predecessor:} 11. O-O O-O 12. Re1 Nf6 13. Rc1 h6 14. Bd2 Bg4 15. h3 Bf5 16. Bc3 Ng6 17. Nd4 {½-½ (53) Mercorelli,P (1971)-Reshef,D (2080) ICCF email 2014}) 11... Nf6 12. Bg5 Nf5 {[%emt 0:00:50] Pair of Knights!} 13. Qf4 h6 14. Bb5+ Kf8 15. Bxf6 {[%emt 0:00:04][%mdl 64] [#] Remove Defender} Qxf6 16. O-O g5 17. Qa4 Ne7 18. Rad1 Kg7 19. Bd7 a6 20. Rfe1 Rd8 21. Bxc8 Raxc8 22. h4 c5 23. hxg5 hxg5 24. Qg4 {[%emt 0:00:12][%cal Oe1e7] And now Rxe7! would win.} Ng6 25. Re4 Re8 {[%emt 0:00:22] ...Rxe4 is the strong threat.} 26. Nxg5 Rcd8 27. Rde1 Rxe4 28. Nxe4 Qf4 (28... Qe5 {looks sharper.} 29. Re3 Qxb2 30. Ng3 Qa1+) 29. Qxf4 (29. Qd1 $11) 29... Nxf4 $11 {[%emt 0:00:00][%mdl 4096] Endgame KRN-KRN} 30. g3 Nxd5 31. Rd1 Nb4 {[%emt 0:00:07] [#]} ({Black should play} 31... f5 $17 32. f4 fxe4 33. Rxd5 Kf6) 32. Rxd6 (32. Nxc5 $1 $11 Nxa2 33. Nxb7) 32... Rxd6 $15 33. Nxd6 $11 {[%emt 0:00:00] KN-KN} b5 34. Nb7 Nd3 ({Much weaker is} 34... Nxa2 $6 35. Nxc5 Nb4 36. f4 $11) 35. b3 {[%emt 0:00:16][%mdl 8192] This costs White the game.} (35. Kf1 $17 {nothing else works.}) 35... c4 $19 {[%emt 0:00:17] White must now prevent ...c3.} 36. bxc4 bxc4 37. Nd6 c3 38. Nf5+ Kf6 39. Nd4 Nb4 {[%emt 0:00:27] ( -> ...c2)} 40. a3 c2 {[%emt 0:00:05] Black mates.} 41. Nb3 Nd3 42. Kg2 Ke5 43. Kf3 c1=Q 44. Nxc1 Nxc1 45. Ke3 Nb3 46. f4+ Kf5 47. Kf3 Nd4+ {[%emt 0:00:03] Weighted Error Value: White=0.61/Black=0.08 (flawless)} 0-1

[Event "MCCT Chessable Masters 2022"]
[Site "Online"]
[Date "2022.05.16"]
[Round "6.7"]
[White "Grandelius, Nils"]
[Black "Jones, Gawain C B"]
[Result "1-0"]
[ECO "C77"]
[WhiteElo "2635"]
[BlackElo "2669"]
[Annotator "TA"]
[PlyCount "73"]
[EventDate "2022.05.19"]
[EventType "tourn"]
[EventCountry "NET"]
[SourceTitle "playchess.com"]
[Source "ChessBase"]
[SourceQuality "1"]
[TimeControl "900+10"]

1. e4 e5 2. Nf3 Nc6 3. Bb5 a6 4. Ba4 Nf6 5. d3 b5 6. Bb3 Bc5 7. a4 {[%emt 0:00:18] Black should prevent axb5. 7.c3 is becoming the main line.} Rb8 {[%emt 0:00:05] C77: Ruy Lopez: 3...a6 4 Ba4 Nf6, unusual lines.} 8. Bg5 $5 {[%emt 0:00:21][%mdl 4] Leaves trodden paths.} h6 9. Bh4 d6 {[%emt 0:00:29] The position is equal.} 10. c3 Bb6 (10... b4 $11) 11. O-O g5 12. Bg3 O-O {[%emt 0:00:13] [#]} 13. Re1 $146 ({Predecessor:} 13. axb5 axb5 14. Na3 Nh7 15. d4 h5 16. h3 h4 17. Bh2 g4 18. hxg4 Bxg4 19. Qd3 exd4 20. Nxd4 {0-1 (29) Sethuraman,S (2644)-Harsha,B (2509) chess24.com INT 2021}) 13... Kg7 14. Nbd2 Nh7 15. Nf1 h5 {[%emt 0:00:08] And now ...h4 would win.} 16. h4 g4 17. N3d2 Ne7 18. Ne3 Bxe3 19. Rxe3 f5 20. exf5 $1 Nxf5 21. Re1 Nxh4 {[%emt 0:00:43] Hoping for ...bxa4.} 22. d4 $1 {[%emt 0:00:30] [#]} exd4 (22... Nxg2 $1 $15 23. Kxg2 h4) 23. Ne4 $14 Nf5 24. cxd4 ({Better is} 24. Bf4 $14) 24... bxa4 25. Rxa4 Ng5 26. Bf4 {[%emt 0:00:31] A strong pair of Bishops.} Nxe4 27. Rxe4 Bd7 28. Rxa6 Re8 29. Rxe8 Qxe8 30. Ra7 Qe4 (30... Rxb3 31. Qxb3 Qe1+ 32. Kh2 Nxd4 33. Qe3 Qxe3 34. Bxe3 $18) 31. Rxc7 Qxf4 32. Rxd7+ Kh6 $1 {[%emt 0:00:25] [#]} 33. Qe1 $1 Kg5 (33... g3 34. fxg3) 34. g3 $36 {[%emt 0:00:10][%mdl 2048] Black is under pressure.} Qxd4 (34... Nxg3 $1 $14 35. Rf7 (35. Qe7+ Qf6 $11) 35... Re8) 35. Bc2 $16 {[%emt 0:00:24] Rf7 is the strong threat.} ({Don't do} 35. Qc1+ Kf6 36. Rf7+ Kg6 $16) 35... Qf6 {[%emt 0:00:11][%mdl 8192] Inhibits Rf7.} (35... Rxb2 $2 36. Bxf5 Rb3 37. Qe7+ Qf6 {[#]} 38. Qe8 $1 (38. Qh7 Rxg3+ 39. fxg3 Qd4+ 40. Kh2 Qd2+ 41. Kh1 Qd1+ 42. Kh2 Qd2+ 43. Kh1 Qd1+ 44. Kh2 Qd2+ $11) 38... Rxg3+ 39. fxg3 $18) (35... Nxg3 $16 36. Qe7+ Qf6) 36. Qd2+ Kg6 37. Rxd6 {[%emt 0:00:05] Weighted Error Value: White=0.12 (very precise) /Black=0.30} 1-0

[Event "MCCT Chessable Masters 2022"]
[Site "Online"]
[Date "2022.05.16"]
[Round "6.8"]
[White "Praggnanandhaa R"]
[Black "Harikrishna, Pentala"]
[Result "1/2-1/2"]
[ECO "C77"]
[WhiteElo "2642"]
[BlackElo "2705"]
[Annotator "TA"]
[PlyCount "84"]
[EventDate "2022.05.19"]
[EventType "tourn"]
[EventCountry "NET"]
[SourceTitle "playchess.com"]
[Source "ChessBase"]
[SourceQuality "1"]
[TimeControl "900+10"]

1. e4 e5 2. Nf3 Nc6 3. Bb5 a6 4. Ba4 Nf6 5. d3 d6 6. c4 Bg4 {[%emt 0:00:02] C77: Ruy Lopez: 3...a6 4 Ba4 Nf6, unusual lines.} 7. h3 Bxf3 8. Qxf3 Be7 9. Nc3 O-O 10. Be3 Nd4 11. Bxd4 exd4 12. Ne2 c6 {[%emt 0:00:02] [#] aiming for ...Qa5+.} 13. O-O b5 14. Bb3 Qb6 {[%emt 0:00:02] [#]} 15. cxb5 $146 ({Predecessor:} 15. Ng3 g6 16. c5 dxc5 17. e5 Nd5 18. Bxd5 cxd5 19. Qxd5 c4 20. dxc4 Rfd8 21. c5 Rxd5 22. cxb6 Rxe5 {0-1 (50) Gross,S (2330)-Davies,N (2505) Budapest 1993}) 15... axb5 16. Ng3 g6 {[%emt 0:00:22] Inhibits Nf5.} 17. Qe2 Nd7 18. f4 Nc5 19. Bc2 Rae8 20. Qg4 {[%emt 0:01:51] [#]} ({White should try} 20. b4 $11 Na4 21. Bxa4 bxa4 22. a3) 20... Nxe4 $1 $15 21. dxe4 {[%emt 0:01:35] Strongly threatening Bd3.} d3+ $1 22. Kh2 dxc2 23. Rac1 Qc5 24. Qe2 Qc4 25. Rxc2 {[%emt 0:01:46] The position is equal.} Qxe2 26. Nxe2 Bf6 27. Rxc6 Rxe4 28. Nc3 Rc4 29. Rxd6 Bxc3 30. bxc3 Rxc3 $11 {[%emt 0:00:01][%mdl 4096] Endgame KRR-KRR} 31. Rf2 Ra3 32. f5 gxf5 33. Rxf5 Rxa2 34. Rxb5 Kh8 35. Rg5 Rg8 36. Rxg8+ Kxg8 {[%emt 0:00:00] KR-KR} 37. Rd3 Kg7 38. Rg3+ Kf6 39. Rf3+ Kg6 40. Rg3+ Kf6 41. Rf3+ Kg6 42. Rg3+ Kf6 {[%emt 0:00:01] Weighted Error Value: White=0.05 (flawless) /Black=0.04 (flawless)} 1/2-1/2